[Event "Titled Tuesday Blitz May 10 Early 2022"]
[White "Jian, Alex"]
[Black "Zemlyanskii, Ivan"]
[WhiteFideId "30901022"]
[BlackFideId "24249971"]
[WhiteElo "2111"]
[BlackElo "1815"]
[Result "1-0"]
[Round "08"]
[TimeControl "180+1"]
[Date "2022.05.11"]
[WhiteClock "0:00:02"]
[BlackClock "0:00:00"]

1. d4 Nf6 2. c4 e6 3. Nc3 Bb4 4. Qc2 c5 5. dxc5 O-O 6. a3 Bxc5 7. Nf3 Nc6 8. Bg5 h6 9. Bh4 Be7 10. e3 b6 11. Be2 Bb7 12. O-O a6 13. Rfd1 Qc7 14. Rac1 Rac8 15. Bxf6 Bxf6 16. Nd5 exd5 17. cxd5 Rfd8 18. Qa4 b5 19. Qc2 Qb6 20. dxc6 dxc6 21. b4 a5 22. Nd2 Be7 23. Qb3 axb4 24. axb4 Rd6 25. Ne4 Rxd1+ 26. Rxd1 Rd8 27. h3 Rxd1+ 28. Bxd1 Qd8 29. Bf3 g6 30. Nc5 Bxc5 31. bxc5 Qd2 32. Qa3 Qd7 33. Qa5 Kg7 34. g3 h5 35. Qb6 f6 36. Kg2 Kh6 37. Qa5 g5 38. Qb6 g4 39. hxg4 hxg4 40. Be4 f5 41. Bc2 Qd5+ 42. Kh2 Bc8 43. Qc7 Be6 44. Qe7 Kg6 45. Qe8+ Kf6 46. Qh8+ Kf7 47. Qh7+ Kf6 48. Qh6+ Ke7 49. Qg7+ Bf7 50. Qg5+ Kd7 51. Qxf5+ Be6 52. Qh7+ 1-0


[Site "https://www.chess.com"]

[Event "Titled Tuesday Blitz May 10 Early 2022"]
[White "Jobava, Baadur"]
[Black "Vasquez Schroeder, Rodrigo"]
[WhiteFideId "13601520"]
[BlackFideId "3400042"]
[WhiteElo "2617"]
[BlackElo "2567"]
[Result "1-0"]
[Round "08"]
[TimeControl "180+1"]
[Date "2022.05.10"]
[WhiteClock "0:00:30"]
[BlackClock "0:00:08"]

1. b3 c5 2. Bb2 Nf6 3. e3 e6 4. f4 b6 5. Nf3 Bb7 6. g3 g6 7. Bg2 Bg7 8. O-O O-O 9. Kh1 Nc6 10. Qe2 Qc7 11. d3 d5 12. Nbd2 Nd7 13. Bxg7 Kxg7 14. e4 f6 15. Rae1 dxe4 16. Nxe4 Rae8 17. Qd2 h6 18. Re2 Re7 19. Rfe1 Rfe8 20. Qc3 Nb4 21. Qb2 Bxe4 22. dxe4 Nc6 23. e5 fxe5 24. fxe5 Rf8 25. h4 Ref7 26. Re3 Ne7 27. Kh2 Nd5 28. Rd3 Kh7 29. c4 Nb4 30. Rde3 Nc6 31. Qc3 Kg7 32. Bh3 Re7 33. Bg4 Kh7 34. h5 Rg7 35. Bxe6 gxh5 36. Bd5 Ne7 37. Nh4 Kh8 38. e6 Nf6 39. Rf3 Ng4+ 40. Kg2 Rxf3 41. Qxf3 Kg8 42. Rf1 Qd8 43. Kh3 Ne5 44. Qf4 Ng4 45. Nf5 Nxf5 46. e7+ 1-0


[Site "https://www.chess.com"]

[Event "Titled Tuesday Blitz May 10 Early 2022"]
[White "Johnson, Ben"]
[Black "Martin Carmona, Gaston Manuel"]
[WhiteFideId "2010917"]
[BlackFideId "22284567"]
[WhiteElo "2237"]
[BlackElo "2162"]
[Result "0-1"]
[Round "08"]
[TimeControl "180+1"]
[Date "2022.05.11"]
[WhiteClock "0:00:05"]
[BlackClock "0:00:24"]

1. Nf3 Nf6 2. c4 c5 3. Nc3 Nc6 4. d4 cxd4 5. Nxd4 g6 6. e4 Bg7 7. Be2 Nxe4 8. Nxe4 Nxd4 9. O-O O-O 10. Be3 Nxe2+ 11. Qxe2 b6 12. Rfd1 Bb7 13. Bd4 Qc7 14. Bxg7 Kxg7 15. b3 Rad8 16. Rac1 Qc6 17. f3 f6 18. Nc3 Qc5+ 19. Kh1 a6 20. Nd5 e6 21. b4 Qc6 22. b5 Qc5 23. Nf4 Rfe8 24. a4 a5 25. Rd3 Qg5 26. Qd2 e5 27. Nd5 Qxd2 28. Rxd2 Re6 29. Nc7 Re7 30. Rcd1 d6 31. Nd5 Bxd5 32. Rxd5 Red7 33. g3 Kf7 34. Kg2 Ke6 35. h4 Rc8 36. Rc1 Rc5 37. Rd3 d5 38. cxd5+ Rdxd5 39. Rxd5 Kxd5 40. Rd1+ Ke6 41. Rd8 Rd5 42. Rb8 Rd6 43. Kf2 h5 44. Ke3 Kd5 45. Rb7 Kc4 46. Rg7 f5 47. Re7 Kb4 48. Rxe5 Kxa4 49. g4 fxg4 50. fxg4 hxg4 51. Rg5 Kb3 52. Kf4 a4 53. Ke4 a3 54. Rxg4 a2 55. Rg1 Kb2 56. Rg2+ Kb1 57. Rg1+ Kc2 58. Ke5 Rd1 59. Rg2+ Kb3 60. Rxa2 Kxa2 61. Kf6 Rb1 62. Kxg6 Rxb5 63. h5 Rxh5 64. Kxh5 b5 0-1


[Site "https://www.chess.com"]

[Event "Titled Tuesday Blitz May 10 Early 2022"]
[White "Kaasen, Tor Fredrik"]
[Black "Hakobyan, Aram"]
[WhiteFideId "1516647"]
[BlackFideId "13306677"]
[WhiteElo "2335"]
[BlackElo "2557"]
[Result "0-1"]
[Round "08"]
[TimeControl "180+1"]
[Date "2022.05.10"]
[WhiteClock "0:00:16"]
[BlackClock "0:00:55"]

1. d4 Nf6 2. c4 e6 3. Nc3 Bb4 4. f3 d5 5. a3 Bd6 6. e4 c5 7. dxc5 Bxc5 8. e5 Nfd7 9. f4 dxc4 10. Bxc4 O-O 11. Nf3 a6 12. Bd3 h6 13. Qe2 Nc6 14. Be3 Qb6 15. Na4 Qa5+ 16. b4 Qxa4 17. bxc5 Nxc5 18. Bc2 Qa5+ 19. Bd2 Qc7 20. O-O b6 21. Kh1 Rd8 22. Bc3 Ne7 23. Nd4 Na4 24. Bxa4 Qxc3 25. Rac1 Qxa3 26. Bc6 Ra7 27. Ra1 Qc5 28. Rfc1 Qxd4 29. Rd1 Nxc6 30. Rxd4 Nxd4 31. Qc4 Rad7 32. h4 h5 33. Kh2 b5 34. Qc5 Bb7 35. Rd1 Nf3+ 0-1


[Site "https://www.chess.com"]

[Event "Titled Tuesday Blitz May 10 Early 2022"]
[White "Kadric, Denis"]
[Black "Lazavik, Denis"]
[WhiteFideId "14403803"]
[BlackFideId "13515110"]
[WhiteElo "2657"]
[BlackElo "2437"]
[Result "0-1"]
[Round "08"]
[TimeControl "180+1"]
[Date "2022.05.10"]
[WhiteClock "0:00:08"]
[BlackClock "0:00:07"]

1. e4 e5 2. Nf3 Nc6 3. c3 d5 4. d3 Nf6 5. Nbd2 a5 6. Be2 Bc5 7. O-O O-O 8. h3 h6 9. Re1 Re8 10. exd5 Qxd5 11. Nf1 Be6 12. Be3 Rad8 13. Qa4 Bf8 14. d4 exd4 15. Nxd4 Bd7 16. Bf3 Nxd4 17. Qxd4 Qb5 18. c4 Qa6 19. Red1 Bd6 20. Qh4 Bf5 21. Bd4 Be7 22. Qf4 Be6 23. b3 Rd7 24. Ne3 Red8 25. Bc3 c6 26. Nf5 Rxd1+ 27. Rxd1 Rxd1+ 28. Bxd1 Bxf5 29. Qxf5 a4 30. Qc8+ Bf8 31. Bxf6 gxf6 32. g3 axb3 33. Bxb3 c5 34. Qg4+ Bg7 35. Qh5 Qd6 36. Bc2 Qd4 37. Bb3 Qe5 38. Qf3 Qe7 39. Kg2 f5 40. Bc2 Bd4 41. Bxf5 b6 42. Be4 Qf6 43. Qg4+ Kf8 44. f4 Qe7 45. Bd5 Qe3 46. h4 Qg1+ 47. Kh3 Qf1+ 48. Bg2 Qxc4 49. Qh5 Qe6+ 50. f5 Qf6 51. Bd5 Be5 52. g4 Bd6 53. Be4 Qc3+ 54. Kg2 Qg3+ 55. Kf1 Qf4+ 0-1


[Site "https://www.chess.com"]

[Event "Titled Tuesday Blitz May 10 Early 2022"]
[White "Kazakouski, Valery"]
[Black "Sadhwani, Raunak"]
[WhiteFideId "13507443"]
[BlackFideId "35093487"]
[WhiteElo "2524"]
[BlackElo "2616"]
[Result "1-0"]
[Round "08"]
[TimeControl "180+1"]
[Date "2022.05.10"]
[WhiteClock "0:00:53"]
[BlackClock "0:00:03"]

1. d4 Nf6 2. c4 g6 3. Nc3 Bg7 4. e4 d6 5. h3 O-O 6. Be3 c6 7. Bd3 a6 8. Nf3 b5 9. O-O Bb7 10. Rc1 Nbd7 11. Qd2 b4 12. Ne2 c5 13. d5 Re8 14. Bh6 e6 15. dxe6 Rxe6 16. Bxg7 Kxg7 17. Ng3 Ne5 18. Nxe5 dxe5 19. Qe3 Qd4 20. Qxd4 cxd4 21. a3 bxa3 22. b4 h5 23. f3 h4 24. Ne2 Rb6 25. Rb1 a5 26. b5 Nd7 27. Ra1 Nc5 28. Rxa3 Bc8 29. Rfa1 Be6 30. Nc1 Nxd3 31. Nxd3 Bxc4 32. Nxe5 Bxb5 33. Rxa5 Re8 34. Ng4 Be2 35. Rd5 d3 36. Nf2 Rb3 37. Rd7 Kf6 38. Ra6+ Ke5 39. Ng4+ Kf4 40. Kf2 f5 41. exf5 gxf5 42. Rd4+ Kg5 43. f4+ Kh5 44. Rh6# 1-0


[Site "https://www.chess.com"]

[Event "Titled Tuesday Blitz May 10 Early 2022"]
[White "Kazarian, Anna-Maja"]
[Black "Migot, Tangi"]
[WhiteFideId "1033689"]
[BlackFideId "662445"]
[WhiteElo "2004"]
[BlackElo "2516"]
[Result "1-0"]
[Round "08"]
[TimeControl "180+1"]
[Date "2022.05.11"]
[WhiteClock "0:00:03"]
[BlackClock "0:01:11"]

1. e4 c5 2. Nf3 b6 3. d4 cxd4 4. Nxd4 Bb7 5. Nc3 a6 6. Be3 e6 7. Bd3 d6 8. O-O Nd7 9. f4 Ngf6 10. Qe2 b5 11. a3 Rc8 12. Kh1 Be7 13. f5 e5 14. Nf3 Rxc3 15. bxc3 Nxe4 16. Bxe4 Bxe4 17. Ne1 O-O 18. a4 Bc6 19. axb5 axb5 20. Nd3 Bd5 21. Qf2 Qc8 22. Nb4 Be4 23. Bd2 d5 24. Qe2 Qb7 25. Be3 Rc8 26. Ra7 Qb8 27. Rxd7 Bf8 28. Nxd5 Rd8 29. Rxd8 Qxd8 30. Nb4 Qd7 31. f6 g6 32. Bg1 Qb7 33. Re1 Bf5 34. Qxe5 Bh3 35. Qg3 Be6 36. Be3 Qc7 37. Qxc7 Bd5 38. Nxd5 b4 39. Ne7+ Bxe7 40. Qxe7 1-0


[Site "https://www.chess.com"]

[Event "Titled Tuesday Blitz May 10 Early 2022"]
[White "Keller, Peter"]
[Black "Tania, Sachdev"]
[WhiteFideId "1272105"]
[BlackFideId "5007844"]
[WhiteElo "2275"]
[BlackElo "2280"]
[Result "1-0"]
[Round "08"]
[TimeControl "180+1"]
[Date "2022.05.11"]
[WhiteClock "0:00:11"]
[BlackClock "0:00:03"]

1. e4 e5 2. Nf3 Nc6 3. Bc4 Nf6 4. d3 Bc5 5. O-O d6 6. a4 a5 7. c3 O-O 8. Nbd2 Ba7 9. h3 Be6 10. Re1 h6 11. Bb5 Ne7 12. d4 c6 13. Bd3 Ng6 14. Nf1 Nh5 15. d5 Bd7 16. Be3 Nhf4 17. Bc2 cxd5 18. exd5 f5 19. b4 axb4 20. cxb4 Qf6 21. b5 Kh8 22. b6 Bb8 23. a5 Qf7 24. Bb3 e4 25. Nd4 Nd3 26. Ne6 Bxe6 27. dxe6 Qe7 28. Re2 Nge5 29. Bd5 f4 30. Bd4 e3 31. fxe3 f3 32. gxf3 Qg5+ 33. Rg2 Qh5 34. f4 Qxh3 35. fxe5 dxe5 36. Qxd3 exd4 37. Qxd4 Rg8 38. e7 Bd6 39. Bxg8 Rxg8 40. Qxd6 1-0


[Site "https://www.chess.com"]

[Event "Titled Tuesday Blitz May 10 Early 2022"]
[White "Korchmar, Vasiliy"]
[Black "Reprintsev, Alexander"]
[WhiteFideId "24131750"]
[BlackFideId "14100541"]
[WhiteElo "2370"]
[BlackElo "2108"]
[Result "0-1"]
[Round "08"]
[TimeControl "180+1"]
[Date "2022.05.11"]
[WhiteClock "0:00:01"]
[BlackClock "0:00:14"]

1. e4 d5 2. exd5 Qxd5 3. Nc3 Qa5 4. d4 Nf6 5. Nf3 Nc6 6. Bb5 Ne4 7. Bxc6+ bxc6 8. O-O Nxc3 9. bxc3 Bf5 10. Bd2 e6 11. Ne5 Bd6 12. Nxc6 Qa4 13. Qf3 O-O 14. Bg5 f6 15. Bf4 Bxf4 16. Ne7+ Kh8 17. Nxf5 Bxh2+ 18. Kxh2 exf5 19. Qxf5 Rae8 20. Rfe1 Rxe1 21. Rxe1 Qxa2 22. Qc5 Rg8 23. Qxc7 Qxc2 24. Kg1 h6 25. g3 Qd2 26. Rb1 a6 27. Rb8 Qe1+ 28. Kg2 Qe4+ 29. Kh2 Rxb8 30. Qxb8+ Kh7 31. Qd6 a5 32. d5 Qf3 33. Kg1 Qxc3 34. Qc6 Qe1+ 35. Kh2 Qxf2+ 36. Kh1 Qf3+ 37. Kh2 a4 38. Qc5 a3 39. d6 a2 40. Qc2+ f5 41. Qxa2 f4 42. Qc2+ Kg8 0-1


[Site "https://www.chess.com"]

[Event "Titled Tuesday Blitz May 10 Early 2022"]
[White "Kozak, Adam"]
[Black "Bok, Benjamin"]
[WhiteFideId "753246"]
[BlackFideId "1017063"]
[WhiteElo "2459"]
[BlackElo "2658"]
[Result "0-1"]
[Round "08"]
[TimeControl "180+1"]
[Date "2022.05.10"]
[WhiteClock "0:00:01"]
[BlackClock "0:00:10"]

1. e4 c5 2. Nf3 d6 3. Bb5+ Nd7 4. d4 cxd4 5. Nxd4 Nf6 6. O-O a6 7. Ba4 g6 8. c4 Bg7 9. Nc3 O-O 10. Bc2 Ne5 11. b3 Bd7 12. f3 b5 13. cxb5 axb5 14. Be3 b4 15. Na4 Qa5 16. Rc1 Rfc8 17. Kh1 Bxa4 18. bxa4 Nc4 19. Bg1 Nb2 20. Qd2 Nxa4 21. Bb3 Nc3 22. Ne2 Nd7 23. Rc2 Nc5 24. Bxc5 Rxc5 25. Nc1 Rac8 26. Nd3 R5c7 27. Rfc1 Qb5 28. g3 e6 29. Kg2 h5 30. Nf2 Qb6 31. Nh3 Bf6 32. Ng5 Kg7 33. h4 Bxg5 34. hxg5 Qc5 35. a3 bxa3 36. Rxc3 Qxc3 37. Rxc3 Rxc3 38. Qd4+ e5 39. Qa4 Rb8 40. Qxa3 Rbxb3 41. Qxd6 Rxf3 42. Qxe5+ Kh7 43. Qd5 Rxg3+ 44. Kh2 Rgf3 45. Kg2 h4 46. Qe5 h3+ 47. Kh2 Rf2+ 48. Kg1 h2+ 49. Kh1 Rb1# 0-1


[Site "https://www.chess.com"]

[Event "Titled Tuesday Blitz May 10 Early 2022"]
[White "Koziorowicz, Michal"]
[Black "Ismayil, Malak"]
[WhiteFideId "21809194"]
[BlackFideId "13412604"]
[WhiteElo "2219"]
[BlackElo "1879"]
[Result "0-1"]
[Round "08"]
[TimeControl "180+1"]
[Date "2022.05.11"]
[WhiteClock "0:00:16"]
[BlackClock "0:00:05"]

1. e4 e5 2. Bc4 Nc6 3. Nc3 Bc5 4. Qg4 Bf8 5. Qg3 d6 6. Nf3 Be6 7. Bxe6 fxe6 8. O-O Qd7 9. b4 Nf6 10. d3 h6 11. Be3 g5 12. b5 Ne7 13. a4 Ng6 14. d4 exd4 15. Nxd4 Nh4 16. Rad1 e5 17. Nb3 Nh5 18. Qh3 Qxh3 19. gxh3 Nf6 20. a5 Be7 21. a6 b6 22. f3 Ng6 23. Nc1 Kf7 24. N1a2 Bf8 25. Nb4 Ne7 26. Kf2 Rg8 27. Ke2 Ke6 28. Rg1 Rd8 29. h4 gxh4 30. Rxg8 Nfxg8 31. Ncd5 Nxd5 32. Nxd5 Rd7 33. Nb4 Nf6 34. c4 Rg7 35. Kf2 Be7 36. Nc6 Rf7 37. Ke2 Rg7 38. Nxa7 Rg2+ 39. Bf2 Nh5 40. Nc6 Nf4+ 41. Ke3 Bg5 42. Bxh4 Re2# 0-1


[Site "https://www.chess.com"]

[Event "Titled Tuesday Blitz May 10 Early 2022"]
[White "Kruckenhauser, Arthur"]
[Black "Demin, Vladimir"]
[WhiteFideId "1642812"]
[BlackFideId "4167457"]
[WhiteElo "2243"]
[BlackElo "2455"]
[Result "1-0"]
[Round "08"]
[TimeControl "180+1"]
[Date "2022.05.11"]
[WhiteClock "0:01:34"]
[BlackClock "0:00:02"]

1. Nf3 d5 2. g3 Nd7 3. d4 Ngf6 4. b3 e6 5. Bg2 b5 6. O-O Be7 7. Bb2 O-O 8. Nbd2 a5 9. a3 Ba6 10. Re1 c5 11. dxc5 Nxc5 12. Ra2 Nce4 13. e3 Rc8 14. Bf1 Qb6 15. Nxe4 Nxe4 16. Bd3 f5 17. Qa1 Bf6 18. Bxf6 Rxf6 19. Qe5 Nc5 20. Qd4 Rb8 21. b4 axb4 22. axb4 Na4 23. Ne5 Bc8 24. Qxb6 Rxb6 25. Bxb5 Rxb5 26. Rxa4 Rf8 27. c3 g5 28. Ra7 Bb7 29. Nd7 Rf7 30. Nc5 e5 31. Rd1 Bc6 32. Ra6 Rf6 33. Nd7 Re6 34. Nxe5 Rxe5 35. Rxc6 Rb7 36. Ra1 Kg7 37. Raa6 f4 38. gxf4 gxf4 39. Re6 Rf5 40. e4 dxe4 41. Rxe4 Rd7 42. Kg2 f3+ 43. Kg3 Rd3 44. Re7+ Kf8 45. Rxh7 Kg8 46. Re7 Rxc3 47. Ra8+ Rf8 48. Rxf8+ Kxf8 49. Re3 Rc4 50. Rxf3+ Kg7 51. Rf4 Rc3+ 52. f3 Kg6 53. h4 Rb3 54. Kg4 Rb1 55. h5+ Kh6 56. Rf6+ Kg7 57. Rb6 Rg1+ 58. Kf5 Rb1 59. h6+ Kh7 60. Kg5 Rg1+ 61. Kf5 Rf1 62. f4 Rb1 63. b5 Rb2 64. Kf6 Kxh6 65. f5 Kh7 66. Kf7 Rb1 67. f6 Rb2 68. Rb7 Kh8 69. b6 Rb1 70. Ke7 Re1+ 71. Kd6 Rd1+ 72. Kc6 Kg8 73. Rg7+ Kf8 74. b7 Rc1+ 75. Kb6 Rb1+ 76. Ka7 Ra1+ 77. Kb8 Rb1 78. Kc8 Rb6 79. b8=Q Rxb8+ 80. Kxb8 1-0


[Site "https://www.chess.com"]

[Event "Titled Tuesday Blitz May 10 Early 2022"]
[White "Lamaze, Simon"]
[Black "Kohler, Aran"]
[WhiteFideId "36069264"]
[BlackFideId "1002856"]
[WhiteElo "1999"]
[BlackElo "2306"]
[Result "1-0"]
[Round "08"]
[TimeControl "180+1"]
[Date "2022.05.11"]
[WhiteClock "0:01:41"]
[BlackClock "0:00:31"]

1. e4 e5 2. f4 Bc5 3. Nf3 Nf6 4. fxe5 Nxe4 5. d4 Bb6 6. Bd3 d5 7. O-O O-O 8. Nbd2 Bf5 9. Qe2 Nxd2 10. Bxd2 Bxd3 11. Qxd3 h6 12. Rae1 Qe7 13. Kh1 Nc6 14. c3 Rae8 15. b4 Qe6 16. Nh4 Ne7 17. Qg3 Kh8 18. Rf3 Ng8 19. Ref1 Kh7 20. Nf5 g6 21. Nxh6 Nxh6 22. Qh4 g5 23. Bxg5 f5 24. exf6 Qf7 25. Qxh6+ Kg8 26. Rg3 Qh7 27. Bc1+ Kh8 28. Qg7+ 1-0


[Site "https://www.chess.com"]

[Event "Titled Tuesday Blitz May 10 Early 2022"]
[White "Le, Tuan Minh"]
[Black "Visakh N R"]
[WhiteFideId "12401153"]
[BlackFideId "25012223"]
[WhiteElo "2450"]
[BlackElo "2448"]
[Result "1-0"]
[Round "08"]
[TimeControl "180+1"]
[Date "2022.05.10"]
[WhiteClock "0:00:25"]
[BlackClock "0:00:37"]

1. d4 Nf6 2. Nf3 d5 3. Bf4 Bf5 4. c4 e6 5. Nc3 Bb4 6. Qb3 Nc6 7. e3 O-O 8. Be2 Qe7 9. a3 dxc4 10. Qxc4 Bd6 11. Bg5 Qd7 12. Bxf6 gxf6 13. Rd1 Kh8 14. d5 Ne7 15. Qh4 Ng8 16. O-O e5 17. Nd2 Bg6 18. e4 f5 19. exf5 Qxf5 20. Nde4 Rad8 21. Bd3 Qd7 22. Ng5 Qe7 23. Bxg6 fxg6 24. Nce4 h6 25. Qh3 Rf4 26. g3 Rf5 27. Ne6 Re8 28. Rc1 Qf7 29. g4 Rf3 30. N4g5 Rxh3 31. Nxf7+ Kh7 32. f3 e4 33. fxe4 Re7 34. e5 Rxe6 35. dxe6 Be7 36. Rxc7 1-0


[Site "https://www.chess.com"]

[Event "Titled Tuesday Blitz May 10 Early 2022"]
[White "Liyanage, Ranindu Dilshan"]
[Black "Bettalli, Francesco"]
[WhiteFideId "9915834"]
[BlackFideId "2816453"]
[WhiteElo "1858"]
[BlackElo "2216"]
[Result "1-0"]
[Round "08"]
[TimeControl "180+1"]
[Date "2022.05.11"]
[WhiteClock "0:02:10"]
[BlackClock "0:01:57"]

1. d4 Nf6 2. Bf4 d5 3. e3 c5 4. Nf3 Nc6 5. Nc3 e6 6. Nb5 Qa5+ 7. c3 e5 8. Nxe5 cxd4 9. Nxc6 bxc6 10. Bc7 Qa6 11. Nd6+ Bxd6 12. Bxa6 Bxc7 13. Bxc8 Rxc8 14. exd4 O-O 15. O-O Rfe8 16. Qa4 a5 17. Rfe1 Ne4 18. f3 Nd6 19. Rxe8+ Nxe8 20. Re1 Kf8 21. g3 Bd6 22. Qxa5 Nf6 23. Qa6 Rc7 24. b4 g6 25. a4 Kg7 26. b5 Nd7 27. b6 Nb8 28. bxc7 1-0


[Site "https://www.chess.com"]

[Event "Titled Tuesday Blitz May 10 Early 2022"]
[White "Ljukin, Sergei"]
[Black "Legenia, Artem"]
[WhiteFideId "14102200"]
[BlackFideId "14136945"]
[WhiteElo "2312"]
[BlackElo "1936"]
[Result "1-0"]
[Round "08"]
[TimeControl "180+1"]
[Date "2022.05.11"]
[WhiteClock "0:01:18"]
[BlackClock "0:00:59"]

1. e4 Nf6 2. e5 Nd5 3. c4 Nb6 4. d4 d6 5. f4 dxe5 6. fxe5 Nc6 7. Be3 Bf5 8. Nc3 e6 9. Nf3 Bb4 10. Be2 O-O 11. O-O Bxc3 12. bxc3 Bg4 13. c5 Nd5 14. Bd2 b6 15. Qa4 Nb8 16. c6 a6 17. c4 Ne7 18. d5 exd5 19. cxd5 Bxf3 20. Bxf3 Nxd5 21. Rad1 b5 22. Qb3 Nb6 23. Bb4 Qg5 24. Bxf8 Kxf8 25. Bd5 Nxd5 26. Qxd5 1-0


[Site "https://www.chess.com"]

[Event "Titled Tuesday Blitz May 10 Early 2022"]
[White "Maevsky, Nikolay"]
[Black "Hambleton, Aman"]
[WhiteFideId "4198220"]
[BlackFideId "2606577"]
[WhiteElo "2149"]
[BlackElo "2552"]
[Result "0-1"]
[Round "08"]
[TimeControl "180+1"]
[Date "2022.05.11"]
[WhiteClock "0:00:04"]
[BlackClock "0:00:06"]

1. d4 e5 2. dxe5 Nc6 3. Nf3 Qe7 4. g3 Nxe5 5. Bg2 Nf6 6. O-O d6 7. Nbd2 g6 8. b3 Bg7 9. Bb2 Nfd7 10. Qc1 O-O 11. Re1 Nxf3+ 12. Nxf3 Ne5 13. c4 c6 14. Qd2 Bg4 15. Rad1 Rad8 16. Ba3 Rfe8 17. Bxd6 Rxd6 18. Qxd6 Qxd6 19. Rxd6 Nxf3+ 20. Bxf3 Bxf3 21. Kf1 Bc3 22. Rc1 Bxe2+ 23. Kg2 Bb4 24. Rd7 a5 25. Rc2 g5 26. h3 h5 27. g4 hxg4 28. hxg4 Bxg4 29. Rd4 Bf5 30. Rc1 f6 31. Rcd1 Kf7 32. Rd8 Rxd8 33. Rxd8 Bb1 34. Rb8 Bxa2 35. Rxb7+ Kg6 36. Rb6 c5 37. Rb5 Bxb3 38. Rb6 a4 39. Ra6 a3 40. Ra7 a2 41. Ra6 Bc3 42. Ra3 Bxc4 43. Rb3 Bxb3 0-1


[Site "https://www.chess.com"]

[Event "Titled Tuesday Blitz May 10 Early 2022"]
[White "Maksimovic, Bojan"]
[Black "Golubev, Mikhail"]
[WhiteFideId "14408120"]
[BlackFideId "14100983"]
[WhiteElo "2448"]
[BlackElo "2374"]
[Result "0-1"]
[Round "08"]
[TimeControl "180+1"]
[Date "2022.05.10"]
[WhiteClock "0:00:02"]
[BlackClock "0:00:32"]

1. d4 Nf6 2. c4 g6 3. Nc3 Bg7 4. e4 d6 5. Nf3 O-O 6. Be2 e5 7. d5 Qe8 8. h3 Nh5 9. g3 f5 10. exf5 gxf5 11. Qc2 Na6 12. g4 e4 13. Ng5 Nb4 14. Qd1 fxg4 15. hxg4 Bxg4 16. Bxg4 Nd3+ 17. Kd2 Rxf2+ 18. Ne2 Nhf4 19. Kc2 Nxe2 20. Bxe2 Qe5 21. Ne6 Nxc1 22. Rg1 Rxe2+ 0-1


[Site "https://www.chess.com"]

[Event "Titled Tuesday Blitz May 10 Early 2022"]
[White "Mammadzada, Gunay"]
[Black "Friedel, Tom"]
[WhiteFideId "13403729"]
[BlackFideId "2002108"]
[WhiteElo "2242"]
[BlackElo "2337"]
[Result "1-0"]
[Round "08"]
[TimeControl "180+1"]
[Date "2022.05.11"]
[WhiteClock "0:00:24"]
[BlackClock "0:00:07"]

1. b3 d5 2. Bb2 Nf6 3. e3 Bg4 4. Be2 Bxe2 5. Qxe2 Nbd7 6. d4 e6 7. Nd2 Be7 8. f4 O-O 9. Ngf3 c5 10. O-O Rc8 11. Rac1 Ne8 12. Ne5 Nd6 13. Rf3 cxd4 14. exd4 Nxe5 15. fxe5 Nf5 16. Qd3 Bg5 17. c3 Rc7 18. Rcf1 Bxd2 19. Qxd2 h6 20. Qd3 Qe7 21. Bc1 Nh4 22. Rg3 Ng6 23. Rg4 Rfc8 24. Bd2 a6 25. h4 h5 26. Rg5 Nxh4 27. Rxh5 Ng6 28. Rf3 Qa3 29. Rfh3 Qxa2 30. Bg5 f5 31. exf6 Kf7 32. Rh7 Rg8 33. fxg7 Rxg7 34. Bf6 1-0


[Site "https://www.chess.com"]

[Event "Titled Tuesday Blitz May 10 Early 2022"]
[White "Manukian, Artak"]
[Black "Qashashvili, Alexandre"]
[WhiteFideId "13301373"]
[BlackFideId "13600842"]
[WhiteElo "2406"]
[BlackElo "2316"]
[Result "1-0"]
[Round "08"]
[TimeControl "180+1"]
[Date "2022.05.11"]
[WhiteClock "0:00:08"]
[BlackClock "0:00:06"]

1. e4 c6 2. d4 d5 3. e5 Bf5 4. c4 e6 5. Nc3 Bb4 6. Qb3 Bxc3+ 7. bxc3 Qb6 8. c5 Qxb3 9. axb3 Nd7 10. b4 a6 11. b5 cxb5 12. Bxb5 Rc8 13. Ba4 Ne7 14. Nf3 Nc6 15. O-O h6 16. Nd2 Ke7 17. Rd1 Rc7 18. Nf1 Rb8 19. Ne3 Bg6 20. c4 dxc4 21. d5 exd5 22. Nxd5+ Kd8 23. Nxc7 Kxc7 24. Bf4 Bd3 25. e6+ Nde5 26. Bxc6 Kxc6 27. Bxe5 Re8 28. exf7 Rf8 29. Bd6 Rxf7 30. f4 g6 31. Kf2 Rf6 32. Ke3 Re6+ 33. Be5 g5 34. Rxd3 cxd3 35. Kxd3 gxf4 36. Bxf4 Kxc5 37. g4 b5 38. h4 b4 39. Be3+ Kb5 40. Rg1 a5 41. g5 hxg5 42. hxg5 b3 43. g6 Re8 44. g7 Rg8 45. Bd4 Kb4 46. Bb2 a4 47. Rg4+ Kb5 48. Ke4 Kc4 49. Ke3+ Kb5 50. Kd3 Rd8+ 51. Rd4 Rg8 52. Rd5+ Kb4 53. Rd4+ Kb5 54. Rd7 Kb4 55. Rb7+ Kc5 56. Ba3+ Kc6 57. Ra7 Kb6 58. Rf7 Kb5 59. Bb2 Kb4 60. Rf8 Rxg7 61. Bxg7 a3 62. Rb8+ Kc5 63. Kc3 a2 64. Kb2 a1=Q+ 65. Kxa1 Kc4 66. Kb2 Kd3 67. Rxb3+ Ke4 68. Rc3 Kd5 69. Bf8 Ke4 70. Ba3 Kd5 71. Kc2 Kd4 72. Kd2 Kd5 73. Kd3 Ke5 74. Bc1 Kd5 75. Rc4 Ke6 76. Rc5 Kd6 77. Kd4 Ke6 78. Ke4 Kd7 79. Kd5 Ke7 80. Bb2 Kf7 81. Rc6 Kg8 82. Ke6 Kh7 83. Bc1 Kg6 84. Rc5 Kh7 85. Kf6 Kg8 86. Rh5 Kf8 87. Rh8# 1-0


[Site "https://www.chess.com"]

[Event "Titled Tuesday Blitz May 10 Early 2022"]
[White "Markelova, Lubov"]
[Black "Lomaia, Diana"]
[WhiteFideId "24131369"]
[BlackFideId "13612476"]
[WhiteElo "1863"]
[BlackElo "1744"]
[Result "0-1"]
[Round "08"]
[TimeControl "180+1"]
[Date "2022.05.11"]
[WhiteClock "0:00:55"]
[BlackClock "0:01:41"]

1. Nf3 d5 2. d4 Nf6 3. c4 dxc4 4. e3 e6 5. Bxc4 c5 6. O-O a6 7. dxc5 Qxd1 8. Rxd1 Bxc5 9. Nc3 Nc6 10. Nd2 Ke7 11. Nde4 Ba7 12. b3 Nxe4 13. Nxe4 Nb4 14. Bb2 f6 15. a3 Nc6 16. Rac1 Bd7 17. Nd6 b5 18. Be2 Rhd8 19. Bf3 Bb8 20. Nb7 Rc8 21. Rxd7+ Kxd7 22. Na5 Nxa5 23. Rxc8 Kxc8 24. Bxa8 Nxb3 25. Kf1 Bd6 26. Bc6 Na5 27. Bf3 Nc4 28. Bd4 Nxa3 0-1


[Site "https://www.chess.com"]

[Event "Titled Tuesday Blitz May 10 Early 2022"]
[White "Martin, Lewis"]
[Black "Raahul V S"]
[WhiteFideId "410551"]
[BlackFideId "25035525"]
[WhiteElo "2145"]
[BlackElo "2185"]
[Result "0-1"]
[Round "08"]
[TimeControl "180+1"]
[Date "2022.05.11"]
[WhiteClock "0:00:19"]
[BlackClock "0:01:37"]

1. e4 e5 2. Nf3 Nc6 3. Bb5 g6 4. c3 a6 5. Ba4 d6 6. O-O Bg7 7. d4 Bd7 8. d5 Nce7 9. Bxd7+ Qxd7 10. Re1 h6 11. Nbd2 f5 12. exf5 gxf5 13. Nf1 Nf6 14. c4 O-O 15. a4 Ng6 16. h3 Rae8 17. Ra3 f4 18. Qc2 e4 19. Nd4 Nxd5 20. cxd5 Bxd4 21. Rxe4 Qf5 22. Nd2 Nh4 23. g4 fxg3 24. Rxg3+ Kh8 25. Rxh4 Qxf2+ 26. Kh1 Re1+ 27. Nf1 Rxf1+ 28. Rg1 Rxg1# 0-1


[Site "https://www.chess.com"]

[Event "Titled Tuesday Blitz May 10 Early 2022"]
[White "Martinez Alcantara, Jose Eduardo"]
[Black "Samunenkov, Ihor"]
[WhiteFideId "3805662"]
[BlackFideId "14187086"]
[WhiteElo "2690"]
[BlackElo "2409"]
[Result "1-0"]
[Round "08"]
[TimeControl "180+1"]
[Date "2022.05.10"]
[WhiteClock "0:01:08"]
[BlackClock "0:00:03"]

1. e4 c6 2. d4 d5 3. e5 Bf5 4. h4 h5 5. Bd3 Bxd3 6. Qxd3 Qa5+ 7. b4 Qa6 8. e6 Qxd3 9. cxd3 fxe6 10. Nd2 Nd7 11. Ndf3 Nh6 12. Nh3 Ng4 13. Nf4 e5 14. Ng6 Rg8 15. dxe5 e6 16. Bd2 Kf7 17. Nxf8 Raxf8 18. d4 Nb6 19. Ke2 Nc4 20. Bg5 a5 21. bxa5 Ra8 22. Rhb1 Ra7 23. Bd2 Rga8 24. Bc3 Ke8 25. Ne1 Nxa5 26. Bxa5 Rxa5 27. Rb2 Ra4 28. Nd3 Rxd4 29. Rxb7 Ra3 30. Nc5 Rc4 31. Nb3 Rc2+ 32. Kd3 Raxa2 33. Rxa2 Rxa2 34. f4 Rxg2 35. Nd4 Rg3+ 36. Kd2 Rg2+ 37. Kc3 c5 38. Nxe6 Ne3 39. Nxc5 Rc2+ 40. Kd3 Rxc5 41. Kxe3 Rc4 42. Rxg7 Rc3+ 43. Kd4 Rf3 44. Kxd5 Rxf4 45. Kd6 Rd4+ 46. Ke6 Kf8 47. Rf7+ Kg8 48. Rf5 Rxh4 49. Ke7 Ra4 50. Rg5+ Kh7 51. e6 Ra7+ 52. Kf6 Ra6 53. Rxh5+ Kg8 54. Rb5 Rc6 55. Rb8+ Kh7 56. Kf7 Rc1 57. e7 1-0


[Site "https://www.chess.com"]